 Dungeon Crawl Stone Soup version 0.20.0-8-g6b59dc7 (webtiles) character file.

63014 shklvsk the Carver (level 14, -9/111 HPs)
             Began as a Mummy Berserker on May 27, 2017.
             Was a High Priest of Trog.
             Hit by a large rock thrown by a stone giant (49 damage)
             ... on level 1 of the Orcish Mines on May 30, 2017.
             The game lasted 01:18:03 (32932 turns).

shklvsk the Carver (Mummy Berserker)               Turns: 32932, Time: 01:18:03

Health: -9/111     AC: 17    Str: 24    XL:     14   Next: 66%
Magic:  21/21      EV: 14    Int: 10    God:    Trog [*****.]
Gold:   1992       SH:  0    Dex: 12    Spells: 13/13 levels left

rFire    . . .     SeeInvis .   a - +9 rapier "Tuemismest" {pierce, rN+ MR++}
rCold    + . .     Gourm    .   (no shield)
rNeg     + + +     Faith    .   e - +2 chain mail {rF+}
rPois    ∞         Spirit   .   k - +2 hat
rElec    .         Reflect  .   B - scarf {cloud immunity}
rCorr    .         Harm     .   V - +0 pair of gloves
MR       +++++                  w - +0 pair of boots
Stlth    ..........             O - amulet "Eblo Memyqei" {+Blink Regen+}
Regen    1.7/turn               n - +3 ring of evasion
MPRegen  0.2/turn               m - +3 ring of strength

@: regenerating, studying 2 skills
A: no food or potions, fire vulnerability, cold resistance 1, negative energy
resistance 3, torment resistance, unbreathing, in touch with death 1
a: Trog's Hand, Brothers in Arms, Burn Spellbooks, Renounce Religion, Evoke
Blink


You were on level 1 of the Orcish Mines.
You worshipped Trog.
Trog was extremely pleased with you.
You were not hungry.

You visited 4 branches of the dungeon, and saw 21 of its levels.
You also visited: Ossuary, Ice Cave and Volcano.

You collected 1992 gold pieces.

Inventory:

Hand Weapons
 a - the +9 rapier "Tuemismest" (weapon) {pierce, rN+ MR++}
   (You found it on level 9 of the Dungeon)

   It inflicts extra damage upon your enemies.
   It protects you from negative energy.
   It affects your resistance to hostile enchantments.
 b - a +0 blowgun
   (You took it off a kobold on level 3 of the Dungeon)
 M - a +1 double sword of holy wrath
   (You found it on level 1 of the Lair of Beasts)
 Y - a +3 demon blade of flaming
   (You acquired it on level 11 of the Dungeon)
Missiles
 f - 26 tomahawks (quivered)
 p - 13 needles of confusion
 q - 67 poisoned needles
 z - 4 poisoned tomahawks
 K - 14 curare-tipped needles
 U - 3 exploding tomahawks
 W - 10 silver tomahawks
Armour
 c - the +6 chain mail of Oto Wubie {rElec rC+ Dex-4}
   (You found it on level 11 of the Dungeon)

   It affects your dexterity (-4).
   It protects you from cold.
   It insulates you from electricity.
 e - a +2 chain mail of fire resistance (worn)
   (You found it in a volcano)
 k - a +2 hat (worn)
   (You found it on level 5 of the Dungeon)
 w - a +0 pair of boots (worn)
   (You found it on level 9 of the Dungeon)
 B - a scarf of cloud immunity (worn)
   (You found it on level 8 of the Dungeon)
 V - a +0 pair of gloves (worn)
   (You found it on level 11 of the Dungeon)
Jewellery
 j - an uncursed amulet of faith {unknown}
   (You found it in a volcano)
 m - a +3 ring of strength (right hand)
   (You found it on level 13 of the Dungeon)
 n - a +3 ring of evasion (left hand)
   (You found it on level 3 of the Dungeon)
 o - an uncursed ring of magical power {MP+9}
   (You found it on level 3 of the Dungeon)
 u - an uncursed ring of resist corrosion
   (You took it off an orc priest on level 7 of the Dungeon)
 N - an uncursed ring of protection from cold {rC+, !d}
   (You found it on level 4 of the Lair of Beasts)
 O - the amulet "Eblo Memyqei" (around neck) {+Blink Regen+}
   (You found it on level 9 of the Dungeon)

   [amulet of regeneration]

   It lets you blink.
   It increases your rate of regeneration.
Wands
 d - a wand of acid (7/15)
   (You found it on level 10 of the Dungeon)
 l - a wand of confusion (3/48)
   (You found it on level 2 of the Dungeon)
 x - a wand of disintegration (4/24)
   (You found it on level 9 of the Dungeon)
 y - a wand of lightning (5/15)
   (You found it on level 5 of the Lair of Beasts)
 A - a wand of clouds (3/9)
   (You took it off a centaur on level 13 of the Dungeon)
 D - a wand of lightning (6/15)
   (You found it in an ice cave)
 J - a wand of disintegration (1/24)
   (You took it off a crimson imp on level 9 of the Dungeon)
 Q - a wand of digging (21/24)
   (You found it on level 2 of the Lair of Beasts)
 R - a wand of paralysis (10/24)
   (You found it on level 2 of the Lair of Beasts)
 S - a wand of acid (3/15)
   (You found it on level 2 of the Lair of Beasts)
Scrolls
 g - 12 scrolls of remove curse
 h - a scroll of identify
 i - a scroll of fog
 r - 2 scrolls of teleportation
 t - 5 scrolls of immolation {!r}
 G - a scroll of enchant armour
 I - 4 scrolls of enchant weapon
 L - a scroll of magic mapping {!r}
 P - 3 scrolls of fear
Books
 s - a book of Transfigurations
   (You found it on level 3 of the Dungeon)
 C - a book of Minor Magic
   (You found it on level 8 of the Dungeon)
 E - a manual of Ice Magic {!d}
   (You found it in an ice cave)
 T - a manual of Earth Magic {!d}
   (You found it on level 9 of the Dungeon)
 X - a book of the Earth
   (You found it on level 11 of the Dungeon)
Miscellaneous
 v - a fan of gales
   (You found it on level 10 of the Dungeon)
 F - a box of beasts


   Skills:
 + Level 10.6 Fighting
 - Level 6.9(10.0) Short Blades
 * Level 11.1(11.8) Long Blades
 + Level 8.1 Throwing
 + Level 7.6 Armour
 - Level 6.1 Dodging
 - Level 1.1 Stealth
 * Level 10.2 Evocations


You had 13 spell levels left.
You didn't know any spells.

Dungeon Overview and Level Annotations

Branches:
Dungeon (14/15)            Temple (1/1) D:6            Lair (5/6) D:9
 Shoals (0/4) Lair:2       Spider (0/4) Lair:3        Slime (0/5) Lair:5
    Orc (1/2) D:11         Vaults (0/5) D:13

Altars:
Ashenzari
Cheibriados
Dithmenos
Elyvilon
Fedhas
Gozag
Hepliaklqana
Kikubaaqudgha
Makhleb
Nemelex Xobeh
Okawaru
Qazlal
Ru
Sif Muna
Trog
Uskayaw
Vehumet
Xom
Yredelemnul
Zin
The Shining One
Beogh
Jiyva

Portals:
Trove: D:13 (give +2 fire dragon scales)

Annotations:
D:6 1 runed door
D:8 exclusions: oklob plant and 3 more exclusions
D:10 exclusion: downstairs
D:12 exclusion: downstairs
Lair:2 MDvedh's ghost, journeyman TrHu


Innate Abilities, Weirdness & Mutations

You do not eat or drink.
Your flesh is vulnerable to fire.
You are immune to poison.
Your flesh is cold resistant. (rC+)
You are immune to negative energy. (rN+++)
You are immune to unholy pain and torment.
You can survive without breathing.
You are in touch with the powers of death.


Message History

The orc barely misses you. The ice devil misses you.
The hellwing hits you but does no damage. x2
You puncture the orc sorcerer!
The orc warrior hits you from afar with a glaive!
The orc closely misses you. The orc misses you. The orc hits you with a club.
The chaos spawn misses you. The ice devil hits you. The ice devil freezes you.
You resist.
You take 27 damage, and have 63/111 hp.
MASSIVE DAMAGE!!
You puncture the orc sorcerer!
You kill the orc sorcerer!
Trog accepts your kill.
Trog appreciates your killing of a magic user.
The ice devil disappears in a puff of smoke!
The chaos spawn degenerates into a cloud of primal chaos!
The hellwing disappears in a puff of smoke!
The orc completely misses you.
You are too injured to fight recklessly!
You are too injured to fight recklessly!
You are too injured to fight recklessly!
You barely miss the ogre. The orc warrior barely misses you.
The orc hits you but does no damage. The orc barely misses you.
The orc hits you but does no damage. The ogre hits you with a giant club!
You take 9 damage, and have 54/111 hp.
You hit the ogre. The orc barely misses you.
The orc hits you but does no damage.
The orc is engulfed in seething chaos.
The orc seems to slow down.
The orc barely misses you. The orc hits you but does no damage.
The orc warrior hits you but does no damage.
You hit the ogre. The orc hits you but does no damage.
The ogre hits you with a giant club! The orc hits you but does no damage.
You take 13 damage, and have 41/111 hp.
You puncture the ogre!
You kill the ogre!
Trog accepts your kill. The orc misses you. The orc closely misses you.
The orc warrior hits you from afar with a glaive.
You take 4 damage, and have 37/111 hp.
Your chain mail prevents you from hitting the cyclops.
The orc hits you but does no damage. x2; The orc misses you.
The orc hits you with a hand axe.
You take 2 damage, and have 35/111 hp.
You puncture the cyclops! The orc barely misses you.
The orc warrior hits you from afar with a glaive.
* * * LOW HITPOINT WARNING * * *
The cyclops misses you. The orc barely misses you.
You take 2 damage, and have 33/111 hp.
You hit the cyclops but do no damage. The orc hits you but does no damage.
The orc barely misses you. The orc hits you but does no damage.
The orc closely misses you.
You hit the cyclops. The orc warrior closely misses you.
The orc closely misses you. The orc hits you but does no damage.
The cyclops hits you!
* * * LOW HITPOINT WARNING * * *
The orc hits you but does no damage.
You take 8 damage, and have 26/111 hp.
Your skin crawls.
You feel resistant to hostile enchantments.
The orc misses you. The orc barely misses you. The orc hits you with a club.
* * * LOW HITPOINT WARNING * * *
The orc warrior hits you from afar with a glaive.
* * * LOW HITPOINT WARNING * * *
The orc misses you.
You take 3 damage, and have 23/111 hp.
You impale the cyclops!! The orc closely misses you. The orc misses you.
The cyclops hits you but does no damage.
You completely miss the cyclops. The orc closely misses you. x2
The orc misses you. The orc warrior completely misses you.
The orc hits you but does no damage.
You puncture the cyclops!
You kill the cyclops!
Trog accepts your kill. The orc misses you.
The orc hits you but does no damage.
You puncture the orc!
You kill the orc!
Trog accepts your kill. The orc hits you with a mace.
* * * LOW HITPOINT WARNING * * *
The orc barely misses you.
The orc warrior hits you from afar with a glaive.
* * * LOW HITPOINT WARNING * * *
You take 5 damage, and have 21/111 hp.
The orc closely misses you.
Items here: ( ) [ † 2 tomahawks; a dagger; a leather armour; an orc corpse You regained 2 hp, and now have 23/111 hp.
You regained 2 hp, and now have 25/111 hp.
The orc barely misses you.
You regained 2 hp, and now have 27/111 hp.
The orc suddenly jeers, as Orcs often do.
You regained 2 hp, and now have 30/111 hp.
You regained 2 hp, and now have 32/111 hp.
You feel the effects of Trog's Hand fading.
You regained 2 hp, and now have 35/111 hp.
The orc hits you but does no damage.
You regained 2 hp, and now have 37/111 hp.
A stone giant comes into view.
The stone giant shouts!
The stone giant throws a large rock.
The large rock hits you!!!
You die...

........)).#,,8,,*,,*,,*,,8,,*
........().#,,,,,,,,,,,,,,,,,****
........ooo#,,,,,,,,,,,,,,,,,*,,*
...........##########*****##**,,,
........oo##.#......#,,..#..,,,,,
#.........o.o.....###**....#.,,,,
##...#.......#o...#####......,*,,
##.#...#..####....##.#......,,,,
####.#...###..@............,,,,
###....#......#.........,,,,
*#.....................,,,,
*...#.#................,,,,
##.###...........>.....,,,,
###,#.....##..............
*,,........#.............
*,............C....#.....
**,,.###.....#....#......


You could see a stone giant and 2 orcs.

Vanquished Creatures
  Rupert (D:13)
  Erolcha (D:9)
  2 hydras
  11 two-headed ogres
  An ogre mage (D:13)
  2 unseen horrors
  A deep elf archer (D:13)
  5 ugly things
  An orc knight (D:13)
  2 orc sorcerers (Orc:1)
  A wolf spider (Lair:3)
  A deep elf mage (D:13)
  A manticore (D:12)
  5 cyclopes
  3 elephants (Lair:5)
  A toenail golem (Volcano)
  3 ice statues (IceCv)
  A molten gargoyle (Volcano)
  2 centaur skeletons
  8 spiny frogs
  4 yaktaurs (D:13)
  7 komodo dragons
  A rime drake (Lair:4)
  7 trolls
  A jumping spider (Lair:3)
  5 hornets
  Prince Ribbit (D:8)
  A meliai (shapeshifter) (D:14)
  5 blink frogs (Lair:4)
  3 slime creatures (D:13)
  A snapping turtle (Lair:2)
  9 hippogriffs
  A shadow (D:12)
  A redback (Lair:3)
  2 wyverns
  A basilisk (D:13)
  44 yaks
  A vampire (D:11)
  2 wraiths
  2 fire elementals (Volcano)
  A human (shapeshifter) (D:14)
  3 fire bats (Orc:1)
  A hungry ghost (D:9)
  2 soldier ants
  12 water moccasins
  Duvessa (D:6)
  10 porcupines
  A sky beast (D:9)
  A black bear (D:8)
  A hornet zombie (D:11)
  A necrophage (D:13)
  15 orc warriors
  9 ice beasts
  6 phantoms
  7 wolves
  13 ogres
  2 elf zombies (Ossuary)
  9 centaurs
  15 crocodiles
  6 big kobolds
  25 bullfrogs
  2 gnoll sergeants
  2 earth elementals (Volcano)
  A wyvern skeleton (D:12)
  A water moccasin zombie (D:6)
  Dowan (D:6)
  A wyvern zombie (D:11)
  5 scorpions
  18 wights
  13 killer bees
  2 howler monkeys
  3 jellies
  3 crimson imps
  A centaur zombie (D:11)
  15 orc priests
  A bullfrog zombie (D:7)
  9 hounds
  A human zombie (Ossuary)
  3 bullfrog skeletons
  5 iguanas
  23 orc wizards
  12 worker ants
  A killer bee zombie (D:8)
  2 big kobold zombies (Ossuary)
  A hound zombie (Ossuary)
  4 mummies (Ossuary)
  A howler monkey zombie (D:5)
  A worker ant zombie (D:6)
  16 adders
  28 gnolls
  2 shadow imps
  2 oozes
  2 adder skeletons
  5 worms
  2 dart slugs (D:2)
  8 leopard geckos
  72 orcs
  5 bats
  3 giant cockroaches
  10 goblins
  6 hobgoblins
  11 jackals
  4 quokkas
  5 frilled lizards
  A goblin zombie (Ossuary)
  2 hobgoblin zombies (Ossuary)
  30 kobolds
  A kobold zombie (Ossuary)
  A leopard gecko skeleton (D:4)
  An orc zombie (Ossuary)
  9 rats
  A rat zombie (Ossuary)
  A fire vortex (Volcano)
  A plant (D:2)
654 creatures vanquished.

Vanquished Creatures (collateral kills)
  2 hydras (Lair:4)
  A two-headed ogre (D:10)
  An orc high priest (D:10)
  An orc sorcerer (D:10)
  A cyclops (D:10)
  A molten gargoyle (Volcano)
  3 efreet
  A hippogriff (D:9)
  3 blink frogs (Lair:4)
  3 fire elementals (Volcano)
  A human (Lair:1)
  A basilisk (Lair:1)
  A steam dragon (D:9)
  An acid dragon (D:9)
  2 porcupines (Lair:4)
  A sky beast (D:9)
  4 orc warriors
  3 wolves (Lair:1)
  3 ogres
  A big kobold (D:11)
  A bullfrog (D:11)
  3 gnoll sergeants (D:11)
  A howler monkey (D:9)
  A crimson imp (D:9)
  2 hounds (D:9)
  2 orc wizards (D:10)
  2 orcs (D:11)
  A plant (D:9)
48 creatures vanquished.

Vanquished Creatures (others)
  A deep elf mage (D:13)
  An orc wizard (D:3)
  A quokka (D:9)
  A bat (D:2)
  2 fire vortices (Volcano)
  10 fungi
  36 plants
52 creatures vanquished.

Grand Total: 754 creatures vanquished

Notes
Turn   | Place    | Note
-------+----------+-------------------------------------------
     0 | D:1      | shklvsk the Mummy Berserker began the quest for the Orb.
     0 | D:1      | Reached XP level 1. HP: 18/18 MP: 1/1
   245 | D:1      | Reached XP level 2. HP: 22/24 MP: 2/2
   299 | D:1      | Reached skill level 3 in Long Blades
   764 | D:2      | Reached XP level 3. HP: 29/29 MP: 3/3
   931 | D:2      | Reached ** piety under Trog
   975 | D:2      | Reached skill level 4 in Long Blades
  1128 | D:2      | Reached XP level 4. HP: 25/35 MP: 4/4
  1287 | D:2      | Found a deep blue altar of Sif Muna.
  1463 | D:2      | Found a glowing golden altar of the Shining One.
  1643 | D:2      | Found a sacrificial altar of Ru.
  1653 | D:2      | Found a glowing silver altar of Zin.
  2377 | D:3      | Reached XP level 5. HP: 32/41 MP: 5/5
  2965 | D:4      | Reached skill level 5 in Long Blades
  3280 | D:3      | Reached *** piety under Trog
  3280 | D:3      | Reached XP level 6. HP: 25/47 MP: 6/6
  3615 | D:4      | Reached skill level 4 in Fighting
  4129 | D:4      | Found an iron altar of Okawaru.
  4143 | D:4      | Found a shattered altar of Ashenzari.
  4176 | D:4      | Reached skill level 6 in Long Blades
  4189 | D:4      | Reached XP level 7. HP: 19/54 MP: 7/7
  4635 | D:5      | Entered Level 5 of the Dungeon
  4646 | D:5      | Found an ancient bone altar of Kikubaaqudgha.
  4655 | D:5      | HP: 9/54 [centaur (6)]
  5353 | D:5      | Found a burning altar of Makhleb.
  5358 | D:5      | Reached skill level 5 in Fighting
  5413 | D:5      | Found a snail-covered altar of Cheibriados.
  5924 | D:6      | Noticed Duvessa
  5935 | D:6      | Reached skill level 7 in Long Blades
  6026 | D:7      | Reached XP level 8. HP: 47/63 MP: 8/8
  6123 | D:7      | Found a sand-covered staircase.
  6130 | Ossuary  | Entered an ossuary
  6290 | Ossuary  | Reached skill level 6 in Fighting
  6604 | D:6      | Reached skill level 8 in Long Blades
  6802 | D:8      | Found a stormy altar of Qazlal.
  6815 | D:8      | Noticed a two-headed ogre
  6903 | D:8      | Reached skill level 1 in Evocations
  6958 | D:8      | Reached skill level 2 in Armour
  7312 | D:8      | Noticed Prince Ribbit
  7322 | D:8      | Noticed a two-headed ogre
  7507 | D:7      | Reached skill level 1 in Stealth
  7536 | D:7      | Reached skill level 2 in Dodging
  7600 | D:7      | Reached XP level 9. HP: 70/70 MP: 10/10
  8070 | D:6      | Found a staircase to the Ecumenical Temple.
  8147 | D:6      | Reached skill level 1 in Throwing
  8147 | D:6      | Reached skill level 2 in Evocations
  8326 | Temple   | Entered the Ecumenical Temple
  8498 | D:6      | Noticed Dowan
  8513 | D:6      | Killed Duvessa
  8819 | D:6      | Killed Dowan
  8819 | D:6      | Reached **** piety under Trog
  8934 | D:6      | Found a runed door.
  9714 | D:7      | Reached skill level 2 in Throwing
  9947 | D:7      | Reached skill level 3 in Evocations
 10322 | D:7      | Reached skill level 9 in Long Blades
 10436 | D:7      | Reached skill level 3 in Armour
 10442 | D:7      | Reached skill level 3 in Dodging
 10612 | D:8      | Noticed a two-headed ogre
 10954 | D:9      | Found a white marble altar of Elyvilon.
 11012 | D:9      | Reached skill level 7 in Fighting
 11066 | D:9      | Noticed Erolcha
 11280 | D:9      | Noticed a two-headed ogre
 11354 | D:9      | Noticed a two-headed ogre
 11424 | D:8      | Killed a two-headed ogre
 11424 | D:8      | Reached XP level 10. HP: 36/79 MP: 12/12
 11692 | D:8      | Reached skill level 3 in Throwing
 11742 | D:7      | Upgraded the game from 0.20.0-4-g10b340a to 0.20.0-8-g6b59dc7
 12682 | D:8      | Killed Prince Ribbit
 12682 | D:8      | Reached skill level 4 in Evocations
 12936 | D:8      | Killed a two-headed ogre
 13060 | D:8      | Reached skill level 4 in Throwing
 13344 | D:8      | Reached skill level 4 in Dodging
 13422 | D:8      | Found a blossoming altar of Fedhas.
 13435 | D:8      | Noticed an oklob plant
 13671 | D:9      | Killed a two-headed ogre
 13818 | D:9      | Got an ivory rapier
 13819 | D:9      | Identified the +9 rapier "Tuemismest" {pierce, rN+ MR++} (You found it on level 9 of the Dungeon)
 13939 | D:9      | Found a staircase to the Lair.
 14101 | Lair:1   | Entered Level 1 of the Lair of Beasts
 14114 | Lair:1   | Found a frozen archway.
 14123 | IceCv    | Entered an ice cave
 14203 | IceCv    | Reached XP level 11. HP: 86/86 MP: 14/14
 14225 | IceCv    | Reached skill level 4 in Armour
 14230 | IceCv    | Reached skill level 1 in Short Blades
 14230 | IceCv    | Reached skill level 5 in Evocations
 14243 | IceCv    | Noticed a white ugly thing
 14267 | IceCv    | Killed a white ugly thing
 14411 | IceCv    | Noticed a white ugly thing
 14444 | IceCv    | HP: 20/86 [ice beast[an ice statue] (2)]
 15332 | IceCv    | HP: 20/86 [white ugly thing (17)]
 15339 | IceCv    | Killed a white ugly thing
 15339 | IceCv    | Reached skill level 8 in Fighting
 15339 | IceCv    | Reached skill level 2 in Short Blades
 15339 | IceCv    | Reached skill level 5 in Throwing
 15910 | Lair:1   | Noticed Sonja
 15924 | Lair:1   | Noticed Sonja
 15924 | Lair:1   | Sonja changed into Sonja the human
 15924 | Lair:1   | Killed Sonja the human
 16076 | Lair:1   | Reached skill level 3 in Short Blades
 16938 | Lair:2   | Reached skill level 6 in Evocations
 16966 | Lair:1   | Reached skill level 5 in Dodging
 17233 | Lair:1   | HP: 20/87 [yak (13)]
 17816 | Lair:2   | Reached skill level 4 in Short Blades
 17818 | Lair:2   | Reached skill level 5 in Armour
 17942 | Lair:2   | Reached XP level 12. HP: 68/94 MP: 16/16
 17981 | Lair:2   | Noticed MDvedh's ghost (journeyman TrHu)
 18969 | Lair:2   | Found a staircase to the Shoals.
 19847 | Lair:3   | Found a hole to the Spider Nest.
 19864 | Lair:3   | Reached skill level 7 in Evocations
 20333 | Lair:3   | Reached skill level 5 in Short Blades
 20339 | Lair:3   | HP: 18/94 [yak (14)]
 20687 | Lair:4   | Received a gift from Trog
 20828 | Lair:4   | Reached skill level 6 in Throwing
 21121 | Lair:4   | Noticed a six-headed hydra
 21131 | Lair:4   | Killed a six-headed hydra
 21215 | Lair:4   | HP: 23/94 [yak (4)]
 21664 | Lair:4   | Received a gift from Trog
 21768 | Lair:4   | HP: 6/94 [komodo dragon (28)]
 22127 | Lair:4   | Noticed an eight-headed hydra
 22295 | Lair:4   | Reached skill level 6 in Dodging
 22321 | Lair:4   | Reached skill level 9 in Fighting
 22481 | Lair:4   | HP: 23/95 [eight-headed hydra (14)]
 22911 | Lair:4   | Killed an eight-headed hydra
 22936 | Lair:4   | Reached skill level 8 in Evocations
 23226 | Lair:4   | Noticed a five-headed hydra
 23231 | Lair:4   | Killed a five-headed hydra
 23446 | Lair:4   | Reached skill level 6 in Short Blades
 23446 | Lair:4   | Reached skill level 6 in Armour
 23522 | Lair:5   | Gained mutation: You are in touch with the powers of death. [Mummy growth]
 23522 | Lair:5   | Reached XP level 13. HP: 42/101 MP: 19/19
 24238 | Lair:5   | Found a viscous altar of Jiyva.
 24238 | Lair:5   | Found a staircase to the Slime Pits.
 24245 | Lair:5   | Noticed an acid blob
 24930 | D:9      | Found a transporter.
 24959 | D:9      | Found a transporter.
 25011 | D:9      | Got a steaming graven amulet
 25144 | D:9      | Identified the amulet "Eblo Memyqei" {+Blink Regen+} (You found it on level 9 of the Dungeon)
 25279 | D:9      | Killed Erolcha
 25401 | D:9      | Received a gift from Trog
 25871 | D:10     | Entered Level 10 of the Dungeon
 25945 | D:10     | Found a transporter.
 26572 | D:10     | Reached ***** piety under Trog
 26669 | D:10     | Received a gift from Trog
 27210 | D:11     | Identified a scroll of acquirement
 27219 | D:11     | Got a spiked chain mail
 27220 | D:11     | Identified the +6 chain mail of Oto Wubie {rElec rC+ Dex-4} (You found it on level 11 of the Dungeon)
 27426 | D:11     | Reached skill level 7 in Throwing
 27631 | D:10     | Found a roughly hewn altar of Beogh.
 27660 | D:10     | HP: 22/101 [cyclops/large rock (37)]
 27669 | D:10     | Reached skill level 9 in Evocations
 27749 | D:10     | Found a transporter.
 27972 | D:11     | Reached skill level 10 in Long Blades
 28137 | D:11     | Found a staircase to the Orcish Mines.
 28421 | D:11     | Received a gift from Trog
 28852 | D:12     | Reached skill level 7 in Armour
 29156 | D:12     | Reached skill level 10 in Fighting
 29156 | D:12     | Reached XP level 14. HP: 109/110 MP: 21/21
 29509 | D:13     | Noticed Rupert
 29569 | D:13     | Found a portal to a secret trove of treasure.
 30026 | D:13     | Killed Rupert
 30699 | D:13     | Reached skill level 10 in Evocations
 30765 | D:13     | Found a gate to the Vaults.
 31245 | D:13     | Received a gift from Trog
 31310 | Orc:1    | Entered Level 1 of the Orcish Mines
 31410 | Orc:1    | Reached skill level 11 in Long Blades
 31486 | Orc:1    | Found a dark tunnel.
 31541 | Volcano  | Entered a volcano
 31587 | Volcano  | HP: 18/111 [fire elemental (10)]
 32090 | Volcano  | Reached skill level 8 in Throwing
 32916 | Orc:1    | HP: 26/111 [cyclops (8)]
 32921 | Orc:1    | HP: 25/111 [orc/mace (2)]
 32932 | Orc:1    | Noticed a stone giant
 32932 | Orc:1    | Hit by a large rock thrown by a stone giant

Skill      XL: |  1  2  3  4  5  6  7  8  9 10 11 12 13 14 |
---------------+-------------------------------------------+-----
Long Blades    | 3 4 5 6 7 8 9 10 11 | 11.1
Fighting       | 4 5 6 7 8 9 10 | 10.6
Evocations     | 1 3 4 6 8 9 10 | 10.2
Armour         | 2 3 5 6 7 |  7.6
Stealth        | 1 |  1.1
Dodging        | 2 3 4 5 6 |  6.1
Throwing       | 2 4 5 6 7 8 |  8.1
Short Blades   | 4 6 |  6.9

Action                   |  1- 3 |  4- 6 |  7- 9 | 10-12 | 13-15 || total
-------------------------+-------+-------+-------+-------+-------++-------
Melee: Falchion          |   146 |   269 |   843 |   249 |       ||  1507
       Rapier            |       |       |       |   673 |  1151 ||  1824
 Fire: Blowgun           |       |       |       |     4 |    18 ||    22
Throw: Tomahawk          |       |       |       |     1 |       ||     1
Invok: Trog's Hand       |       |     1 |     8 |     5 |     5 ||    19
       Brothers in Arms  |       |       |     2 |     5 |     6 ||    13
       Burn Spellbooks   |       |       |     1 |       |     1 ||     2
 Abil: Evoke Blink       |       |       |       |       |     1 ||     1
Evoke: Wand              |       |     2 |     9 |    25 |     5 ||    41
       Box of beasts     |       |       |       |       |     1 ||     1
  Use: Scroll            |     1 |     8 |     8 |    15 |    15 ||    47
 Stab: Sleeping          |       |     1 |     3 |     4 |       ||     8
       Confused          |       |       |     7 |     5 |       ||    12
       Distracted        |       |       |     1 |       |     1 ||     2
Armor: Ring mail         |    81 |    83 |   296 |   236 |    80 ||   776
       Chain mail        |       |       |       |       |   387 ||   387
Dodge: Dodged            |    91 |   197 |   593 |   582 |   734 ||  2197
       Rpst.: Falchion   |    29 |    50 |   204 |    60 |       ||   343

Vault maps used:
D:1:      kennysheep_arrival_seaside
D:2:      nicolae_overflow_hidden_temple, led_sif_pool,
          amethyst_overflow_temple_binary, lexackson_kobold_supper
D:3:      minmay_unequal
D:4:      lemuel_round_altar, kennysheep_little_box
D:5:      lemuel_round_altar, old_standard_altar, slow_altar_1, first_bread
D:6:      minmay_temple_entry_mist, uniq_duvessa, uniq_crazy_yiuf_cottage
D:7:      enter_ossuary_3
D:8:      tgw_fedhas, grunt_qazlal_clouds, serial_co_window_serial,
          co_window_paths_a, co_window_paths_b, co_window_corner_a,
          co_window_corner_a, co_window_paths_a, co_window_2corner,
          co_window_corner_b, co_window_corner_cb, co_window_broadway_c,
          co_window_4corner_a, glass_columns_a, hangedman_pestilent_swarm,
          minivault_4, uniq_prince_ribbit1
D:9:      gammafunk_the_bubble, elyvilon_altar_4,
          grunt_lair_entry_orc_guard_hut, uniq_erolcha
D:10:     gammafunk_beogh_shrine, serial_glass, glass_columns_a, glass_columns_b
D:11:     kennysheep_orc_monster_closet_entryway
D:13:     hangedman_vaults_entry_quadrant_bands, enter_trove_2, uniq_rupert
D:14:     stair_cage_line
Temple:   dpeg_three_leaves_temple
Lair:1:   portal_ice_cave_entry_pillars_1, guppyfry_lair_drakes,
          lemuel_fruit_tree, uniq_sonja
Lair:2:   minmay_shoals_entry_hut, serial_bayou_pond_c
Lair:3:   spider_nest_entry_funnel_web
Lair:4:   cheibrodos_lair_overgrown_chateau, beast_lair_carwin_4,
          lemuel_fruit_fields, serial_bayou_shore_b
Lair:5:   dpeg_slime_entry_enclosed_altar
Orc:1:    nicolae_volcano_entry_batcave, minmay_orc_temple_c
Ossuary:  ossuary_minmay_tomb_2a
IceCv:    ice_cave_statue_garden_chambered
Volcano:  volcano_aerie

Table legend:
 A = Turns spent in this place as a percentage of turns spent in the entire game.
 B = Non-inter-level travel turns spent in this place as a percentage of non-inter-level travel turns spent in the entire game.
 C = Inter-level travel turns spent in this place as a percentage of turns spent in this place.
 D = Turns resting spent in this place as a percentage of non-inter-level travel turns spent in this place.
 E = Turns spent auto-exploring this place as a percentage of non-inter-level travel turns spent in this place.
 F = Non-inter-level travel turns spent in this place divided by the number of levels of this place that you've seen.
                   A       B       C       D       E      F
               +-------+-------+-------+-------+-------+----------------------
         Total | 100.0 | 100.0 |   0.7 |   3.6 |   6.4 | 390.4
       Dungeon |  66.2 |  66.1 |   0.9 |   3.1 |   7.3 | 442.2
        Temple |   0.1 |   0.1 |   9.1 |   0.0 |  90.0 |  10.0
          Lair |  20.2 |  20.2 |   0.7 |   4.7 |   5.7 | 379.0
  Orcish Mines |   3.5 |   3.5 |   0.0 |   1.8 |   4.0 | 327.0
       Ossuary |   2.4 |   2.4 |   0.0 |   0.9 |   3.9 | 228.0
      Ice Cave |   4.3 |   4.3 |   0.0 |   4.9 |   1.0 | 406.0
       Volcano |   3.3 |   3.3 |   0.0 |   7.7 |   0.0 | 312.0
               +-------+-------+-------+-------+-------+----------------------

Table legend:
 A = Kills in this place as a percentage of kills in entire the game.
 B = Kills by you in this place as a percentage of kills by you in the entire game.
 C = Kills by friends in this place as a percentage of kills by friends in the entire game.
 D = Other kills in this place as a percentage of other kills in the entire game.
 E = Experience gained in this place as a percentage of experience gained in the entire game.
 F = Experience gained in this place divided by the number of levels of this place that you have seen.
                   A       B       C       D       E      F
               +-------+-------+-------+-------+-------+----------------------
         Total | 100.0 | 100.0 | 100.0 | 100.0 | 100.0 | 3750.8
       Dungeon |  69.3 |  69.7 |  61.7 | 100.0 |  58.4 | 3757.2
          Lair |  18.0 |  17.5 |  25.5 |   0.0 |  29.9 | 5380.2
  Orcish Mines |   7.3 |   7.8 |   0.0 |   0.0 |   4.9 | 4378.0
       Ossuary |   2.1 |   2.3 |   0.0 |   0.0 |   0.4 | 395.0
      Ice Cave |   1.6 |   1.7 |   0.0 |   0.0 |   3.7 | 3344.0
       Volcano |   1.7 |   0.9 |  12.8 |   0.0 |   2.7 | 2401.0
               +-------+-------+-------+-------+-------+----------------------
